 Dungeon Crawl Stone Soup version 0.18-a0-822-gb52b7b4 (webtiles) character file.

42 Arkorax the Ducker (level 3, -6/18 HPs)
             Began as a Felid Berserker on Dec 17, 2015.
             Was a Believer of Trog.
             Mangled by a river rat (9 damage)
             ... on level 2 of the Dungeon.
             The game lasted 00:02:22 (1455 turns).

Arkorax the Ducker (Felid Berserker)                Turns: 1455, Time: 00:02:22

Health: -6/18      AC:  1    Str: 13    XL:     3   Next: 33%
Magic:  4/4        EV: 20    Int:  8    God:    Trog [**....]
Gold:   82         SH:  0    Dex: 16    Spells: 0 memorised, 2 levels left
                                        Lives:  0   Deaths: 1

rFire  . . .     SeeInvis +       - Unarmed
rCold  . . .     Gourm    .     (armour unavailable)
rNeg   . . .     Faith    .     (shield unavailable)
rPois  .         Spirit   .     (helmet unavailable)
rElec  .         Dismiss  .     (cloak unavailable)
rCorr  .         Reflect  .     (gloves unavailable)
SustAt .         Harm     .     (boots unavailable)
MR     .....                    (no amulet)
Stlth  ++........               (no ring)
                                (no ring)

@: quick, not resistant to hostile enchantments, unstealthy
A: no armour, no weapons or thrown items, claws 1, fangs 3, see invisible,
carnivore 3, speed 1, shaggy fur 1, slow metabolism 1, sharp paws
a: Berserk, Trog's Hand, Burn Spellbooks, Renounce Religion


You were on level 2 of the Dungeon.
You worshipped Trog.
Trog was pleased with you.
You were not hungry.

You visited 1 branch of the dungeon, and saw 2 of its levels.

You collected 82 gold pieces.

Inventory:

Scrolls
 c - a scroll of immolation {unknown}
 d - a scroll of remove curse {unknown}
 f - a scroll of amnesia {unknown}
 g - a scroll of noise {unknown}
 i - a scroll of fear {unknown}
 j - a scroll of magic mapping {unknown}
 k - a scroll of identify {unknown}
Potions
 b - a potion of haste {unknown}
 e - a potion of might {unknown}
 l - a potion of mutation {unknown}
Comestibles
 a - a meat ration
 h - a royal jelly


   Skills:
 + Level 3.9 Fighting
 + Level 5.2 Dodging
 + Level 3.6 Unarmed Combat


You had 2 spell levels left.
You didn't know any spells.

Dungeon Overview and Level Annotations

Branches:
Dungeon (2/15)

Altars:
Xom


Innate Abilities, Weirdness & Mutations

You cannot wear armour.
You are incapable of wielding weapons or throwing items.
You have sharp claws.
You have razor-sharp teeth.
You have supernaturally acute eyesight.
You are carnivorous and can eat meat at any time.
You cover ground quickly.
You are covered in fur (AC +1).
You have a slow metabolism.
Your sharp claws are effective at attacking unaware monsters.


Message History

You completely miss the river rat. The river rat closely misses you.
You completely miss the river rat. The river rat completely misses you.
You scratch the river rat but do no damage.
The river rat completely misses you.
You barely miss the river rat. Your claw misses the river rat.
The river rat bites you!
Ouch! That really hurt!
A river rat is nearby!
You scratch the river rat but do no damage.
The river rat bites you.
* * * LOW HITPOINT WARNING * * *
You are too injured to fight recklessly!
You are too injured to fight recklessly!
You are too injured to fight recklessly!
You are too injured to fight recklessly!
You are too injured to fight recklessly!
The river rat closely misses you. The river rat bites you!
Ouch! That really hurt!
You die...

## ♣P.P♣P.#####......
.K ♣P§♣.§♣# ##.####
.# ♣.♣♣.♣§P♣ #.....
.# ♣♣.P♣♣♣♣♣ ######
.###♣ ♣.♣.
#####....♣♣♣ ♣ P♣
..g..###.P!♣♣♣ .. ♣♣
####(....♣♣♣♣P♣♣♣♣
♣...
####..♣.♣♣♣P♣@♣...P♣#
#.§.♣P..♣.Pr♣ P#
#>♣P♣♣♣P..♣♣♣♣♣P#
#..♣♣♣..♣♣.P♣P.P#
##§§♣♣♣♣..PPP♣.♣#
#♣♣..).÷.♣P..P.♣
##♣.♣.)P.P(.♣.P.♣
#.P♣♣♣♣♣♣.)♣..♣♣.♣#
#...♣P.♣P..(..P♣P.#


You could see a river rat.

Vanquished Creatures
  2 gnolls (D:2)
  2 river rats (D:2)
  7 bats
  3 giant cockroaches
  5 goblins
  5 hobgoblins
  7 jackals (D:2)
  A giant newt (D:2)
  6 kobolds
  6 rats
44 creatures vanquished.

Vanquished Creatures (others)
  A plant (D:2)
1 creature vanquished.

Grand Total: 45 creatures vanquished

Notes
Turn   | Place    | Note
--------------------------------------------------------------
     0 | D:1      | Arkorax the Felid Berserker began the quest for the Orb.
     0 | D:1      | Reached XP level 1. HP: 10/10 MP: 2/2
   102 | D:1      | Reached XP level 2. HP: 12/14 MP: 3/3
  1045 | D:2      | Reached ** piety under Trog
  1112 | D:2      | Reached XP level 3. HP: 17/17 MP: 4/4
  1122 | D:2      | Found a shimmering altar of Xom.
  1202 | D:2      | Reached skill level 5 in Dodging
  1202 | D:2      | Reached XP level 4. HP: 22/22 MP: 5/5
  1323 | D:2      | HP: 1/22 [jackal (2)]
  1325 | D:2      | Slain by a jackal
  1326 | D:2      | Reached XP level 3. HP: -1/18 MP: 4/4
  1455 | D:2      | Mangled by a river rat

Vault maps used:
D:1:      evilmike_arrival_hilbert_curve
D:2:      wad_woods_stonehenge

Action                   |  1- 3 |  4- 6 || total
-------------------------+-------+-------++-------
Melee: Unarmed           |   102 |     4 ||   106
Invok: Berserk           |     3 |       ||     3
       Trog's Hand       |     1 |       ||     1
 Stab: Sleeping          |     6 |       ||     6
  Eat: Chunk             |     1 |     3 ||     4
